 Dungeon Crawl Stone Soup version 0.18.1-8-gdd0e5ea (webtiles) character file.

18 Hipnos the Digger (level 2, -1/19 HPs)
             Began as a Mummy Earth Elementalist on May 30, 2016.
             Slain by a giant newt (2 damage)
             ... on level 1 of the Dungeon.
             The game lasted 00:03:40 (657 turns).

Hipnos the Digger (Mummy Earth Elementalist)         Turns: 657, Time: 00:03:41

Health: -1/19      AC:  3    Str: 11    XL:     2   Next: 48%
Magic:  5/5        EV:  8    Int: 14    God:
Gold:   43         SH:  6    Dex: 12    Spells: 2 memorised, 2 levels left

rFire  x . .     SeeInvis .     g - +0 short sword
rCold  + . .     Gourm    .     e - +0 leather armour
rNeg   + + +     Faith    .     f - +0 shield
rPois  ∞         Spirit   .     (no helmet)
rElec  .         Dismiss  .     (no cloak)
rCorr  .         Reflect  .     (no gloves)
SustAt .         Harm     .     (no boots)
MR     .....                    (no amulet)
Stlth  +.........               (no ring)
                                (no ring)

@: not resistant to hostile enchantments, very unstealthy
A: no food or potions, fire vulnerability, cold resistance 1, negative energy
resistance 3, torment resistance, unbreathing
a: no special abilities


You were on level 1 of the Dungeon.
You were not hungry.

You visited 1 branch of the dungeon, and saw 1 of its levels.

You collected 43 gold pieces.

Inventory:

Hand Weapons
 g - a +0 short sword (weapon)
Missiles
 b - 14 stones (quivered)
Armour
 a - a +0 robe
 e - a +0 leather armour (worn)
 f - a +0 shield (worn)
Books
 c - a book of Geomancy

   Spells                             Type                      Level
   a - Sandblast                      Earth                        1
   b - Passwall                       Transmutation/Earth          2
   c - Stone Arrow                    Conjuration/Earth            3
   d - Petrify                        Transmutation/Earth          4
   e - Lee's Rapid Deconstruction     Earth                        5


   Skills:
 + Level 0.2 Armour
 - Level 1.5 Dodging
 - Level 1.5 Stealth
 + Level 2.3 Spellcasting
 + Level 0.7 Transmutations
 + Level 2.8 Earth Magic


You had 2 spell levels left.
You knew the following spells:

 Your Spells              Type           Power        Failure   Level  Hunger
a - Sandblast             Erth           #.....       78%         1    N/A
b - Passwall              Trmt/Erth      #.........   99%         2    N/A

Dungeon Overview and Level Annotations

Branches:
Dungeon (1/15)

Altars:


Innate Abilities, Weirdness & Mutations

You do not eat or drink.
Your flesh is vulnerable to fire.
You are immune to poison.
Your flesh is cold resistant.
You are immune to negative energy.
You are immune to unholy pain and torment.
You can survive without breathing.


Message History

You barely miss the goblin. The goblin hits you but does no damage.
You hit the goblin.
The goblin is moderately wounded.
The goblin hits you but does no damage. The goblin hits you with a club.
A giant newt comes into view.
You hit the goblin.
The goblin is heavily wounded.
The goblin hits you with a club.
* * * LOW HITPOINT WARNING * * *
Read which item? (? for menu, Esc to quit)
As you read the scroll labeled ZEZOVOR PUMN, it crumbles to dust.
You feel blessed for a moment.
It was a scroll of remove curse.
You closely miss the goblin.
The goblin is heavily wounded.
The goblin hits you with a club.
* * * LOW HITPOINT WARNING * * *
You hit the goblin.
You kill the goblin!
The giant newt bites you.
You die...

#.# ###...## #.###......
####.####.>..#..# #.##..#####
#......#..#####.# #.##.######
#........######.###.##.......
#.....(...)........%....#####
#..†...########........##
####......# #.............
#.....#.#########.#.......####
#..###...>...#K)@l.#.......#
.% #........g#####.......# .
##........## ##.###.##
...##........## #.# #.#
#........?%..# ... #
.#..[.[......# #....>......#
#....######### ....#


You could see a goblin, a kobold and a giant newt.

Vanquished Creatures
  A giant gecko (D:1)
  4 goblins (D:1)
  2 hobgoblins (D:1)
  2 jackals (D:1)
  A kobold (D:1)
  3 bats (D:1)
  A rat (D:1)
14 creatures vanquished.

Notes
Turn   | Place    | Note
--------------------------------------------------------------
     0 | D:1      | Hipnos the Mummy Earth Elementalist began the quest for the Orb.
     0 | D:1      | Reached XP level 1. HP: 13/13 MP: 3/3
   401 | D:1      | Reached XP level 2. HP: 16/19 MP: 0/5
   407 | D:1      | Learned a level 2 spell: Passwall
   657 | D:1      | Slain by a giant newt

Action                   || total
-------------------------++-------
Melee: Unarmed           ||    16
       Short sword       ||    25
 Cast: Sandblast         ||    13
  Use: Scroll            ||     1
 Stab: Sleeping          ||     1
Armor: Robe              ||    16
       Leather armour    ||    24
Dodge: Dodged            ||    65
Block: Shield            ||    16
